Map: Acropolis LE

Players

Serral - Winner!

  • Race: Zerg Zerg
  • Spawn Location: 5:00

SortOf

  • Race: Zerg Zerg
  • League: Diamond
  • Spawn Location: 11:00

Event: 2019 WCS Summer

VOD

Have the link to the VOD?

Description

Time

  • Played on: July 12, 2019, 1:20 p.m.
  • Length: 6:59

All games in this series

Show
View Real Time Build Order
Export as new Build Order

Serral Zerg - Winner!

Build Orders: Hatch First 

Get SALT Encoding   

  12  0:00  Drone  
  13  0:12  Overlord  
  13  0:16  Drone  
  14  0:30  Drone x2  
  16  0:48  Hatchery  
  15  0:50  Drone  
  15  0:54  Drone  
  17  0:57  Drone  
  18  1:07  Extractor  
  17  1:13  Spawning Pool  
  16  1:18  Drone  
  16  1:20  Drone  
  18  1:29  Drone  
  19  1:39  Drone  
  20  1:50  Drone  
  21  1:59  Queen x2  
  21  2:01  Zergling x2, Overlord  
  26  2:10  Metabolic Boost  
  26  2:11  Drone  
  26  2:12  Drone  
  28  2:21  Drone x2  
  30  2:33  Hatchery  
  30  2:36  Drone  
  30  2:37  Drone  
  31  2:44  Baneling Nest  
  31  2:50  Overlord  
  30  2:52  Drone  
  31  2:59  Drone x2  
  31  3:05  Drone x2  
  35  3:08  Drone  
  35  3:11  Zergling x4  
  35  3:12  Zergling x4  
  40  3:15  Overlord  
  40  3:18  Drone  
  41  3:21  Drone  
  41  3:24  Queen  
  44  3:30  Baneling  
  44  3:34  Drone, Evolution Chamber  
  43  3:35  Drone  
  43  3:39  Drone  
  46  3:41  Overlord  
  46  3:42  Drone x2  
  46  3:44  Drone  
  46  3:45  Drone  
  46  3:47  Drone  
  51  3:53  Drone  
  51  3:54  Drone  
  53  4:00  Drone x2  
  54  4:04  Lair  
  54  4:07  Drone, Extractor x2  
  53  4:10  Drone, Roach Warren  
  53  4:11  Drone  
  53  4:13  Drone  
  53  4:14  Drone  
  56  4:18  Zergling x4  
  56  4:20  Overlord  
  56  4:22  Drone  
  59  4:25  Zerg Missile Weapons Level 1  
  59  4:26  Drone  
  59  4:29  Drone x2  
  59  4:30  Drone  
  63  4:33  Drone  
  63  4:36  Drone  
  65  4:40  Drone x3  
  69  4:45  Drone x5  
  69  4:47  Extractor  
  69  4:48  Extractor  
  69  4:50  Overlord  
  71  4:54  Overlord  
  71  5:01  Overlord  
  71  5:02  Glial Reconstitution  
  71  5:09  Overseer  
  71  5:13  Overlord x2  
  71  5:25  Roach x12  
  94  5:33  Roach x3  
  99  5:39  Roach, Nydus Network  
  99  5:40  Roach  
  102  5:45  Roach x3  
  102  5:48  Overlord x2  
  108  5:54  Roach x3  
  113  6:04  Overlord x3  
  113  6:08  Overseer, Roach  
  113  6:10  Roach  
  119  6:11  Roach  
  119  6:15  Nydus Canal  
  119  6:16  Roach x5  
  129  6:20  Roach  
  128  6:27  Nydus Canal, Roach x5  
  128  6:29  Roach  
  140  6:37  Roach x2  
  140  6:38  Roach  
  146  6:41  Nydus Canal  
Show
View Real Time Build Order
Export as new Build Order

SortOf Zerg 

Build Orders: Hatch First 

Get SALT Encoding   

  12  0:01  Drone  
  13  0:12  Overlord  
  13  0:17  Drone  
  14  0:31  Drone x2  
  16  0:39  Drone  
  17  0:51  Hatchery  
  17  0:55  Drone  
  17  0:58  Drone  
  18  1:09  Extractor  
  17  1:12  Spawning Pool  
  17  1:15  Drone  
  18  1:18  Drone  
  18  1:30  Drone  
  19  1:39  Drone  
  20  1:49  Overlord  
  20  2:00  Queen  
  22  2:03  Queen  
  22  2:04  Drone x2  
  26  2:09  Metabolic Boost  
  26  2:12  Drone  
  26  2:14  Drone  
  28  2:22  Zergling x2  
  29  2:26  Drone  
  30  2:32  Hatchery  
  30  2:35  Drone  
  30  2:40  Drone  
  31  2:44  Baneling Nest  
  31  2:47  Zergling x2  
  31  2:50  Overlord  
  31  2:57  Drone x2  
  33  3:02  Queen  
  35  3:08  Drone  
  35  3:12  Drone  
  37  3:15  Drone x4  
  41  3:25  Zergling x2  
  41  3:26  Overlord  
  42  3:28  Baneling x2  
  42  3:29  Drone x2  
  42  3:33  Evolution Chamber  
  43  3:38  Drone  
  44  3:44  Overlord  
  44  3:45  Zergling x6  
  44  3:46  Zergling x2  
  44  3:47  Baneling x2  
  48  3:54  Drone x2  
  49  3:58  Lair  
  49  4:00  Drone x2  
  51  4:03  Drone  
  51  4:06  Drone  
  51  4:08  Extractor x2  
  51  4:10  Overlord  
  51  4:13  Drone x3  
  51  4:15  Drone x2  
  56  4:18  Drone x2  
  58  4:27  Drone x6  
  64  4:31  Extractor  
  64  4:33  Roach Warren  
  62  4:38  Drone x2  
  62  4:40  Zerg Melee Weapons Level 1  
  62  4:41  Drone  
  62  4:43  Extractor x2  
  62  4:44  Drone x2  
  65  4:49  Drone x3  
  65  4:52  Overlord  
  68  4:54  Drone x2  
  69  5:02  Spire  
  69  5:04  Zergling x4  
  69  5:06  Overlord  
  70  5:08  Zergling x2  
  70  5:11  Zergling x2  
  70  5:12  Zergling x4  
  70  5:13  Overlord  
  74  5:18  Drone x3  
  76  5:25  Drone x5  
  81  5:35  Drone x2  
  82  5:38  Overlord  
  82  5:46  Overlord  
  82  5:53  Hatchery  
  82  5:57  Overlord  
  80  6:00  Zergling x22  
  80  6:03  Overlord  
  91  6:07  Spine Crawler  
  90  6:15  Mutalisk x5  
  94  6:26  Mutalisk x3  
  91  6:35  Zergling x20  
Tags
 
Add a new tag
Caveats
  • Supply blocks, unpowered buildings, or Contaminate may cause inaccurate times.
  • Supply counts are checked every 10 seconds.